 Dungeon Crawl Stone Soup version 0.20-b1-18-gaa2fd62 (webtiles) character file.

1903 anfisbena the Spear-Bearer (level 8, -1/73 HPs)
             Began as a Centaur Monk on May 24, 2017.
             Was a Believer of Yredelemnul.
             Slain by an orc warrior
             ... wielding a +0 war axe
              (19 damage)
             ... on level 8 of the Dungeon.
             The game lasted 00:09:51 (6524 turns).

anfisbena the Spear-Bearer (Centaur Monk)           Turns: 6524, Time: 00:09:51

Health: -1/73      AC:  5    Str: 15    XL:     8   Next: 94%
Magic:  8/8        EV: 13    Int: 11    God:    Yredelemnul [**....]
Gold:   277        SH:  0    Dex: 11    Spells: 7/7 levels left

rFire    + . .     SeeInvis .   o - +2 trident (freeze)
rCold    . . .     Gourm    .   (no shield)
rNeg     . . .     Faith    .   b - +0 robe
rPois    .         Spirit   .   u - +0 helmet
rElec    .         Reflect  .   (no cloak)
rCorr    .         Harm     .   (no gloves)
MR       .....                  (no barding)
Stlth    +.........             p - amulet of regeneration
Regen    0.7/turn               A - +3 ring of evasion
MPRegen  0.2/turn               r - ring of protection from fire

@: very quick
A: hooves 3, deformed body, speed 2, tough skin 3
a: Animate Remains, Recall Undead Slaves, Injury Mirror, Renounce Religion


You were on level 8 of the Dungeon.
You worshipped Yredelemnul.
Yredelemnul was pleased with you.
You were not hungry.

You visited 2 branches of the dungeon, and saw 8 of its levels.

You collected 277 gold pieces.

Inventory:

Hand Weapons
 o - a +2 trident of freezing (weapon)
Armour
 b - a +0 robe (worn)
 u - a +0 helmet (worn)
Jewellery
 p - an amulet of regeneration (around neck)
 r - a ring of protection from fire (right hand)
 A - a +3 ring of evasion (left hand)
Scrolls
 a - a scroll of fog {unknown}
 d - a scroll of identify
 e - a scroll of enchant weapon
 h - 2 scrolls of recharging
 i - a scroll of magic mapping {unknown}
 m - 4 scrolls of teleportation
 n - 2 scrolls of immolation
 v - 2 scrolls of amnesia
 w - a scroll of fear {unknown}
 y - 2 scrolls of blinking {unknown}
Potions
 g - a potion of haste
 j - a potion of ambrosia {unknown}
 s - a potion of invisibility
 x - a potion of flight {unknown}
Comestibles
 c - 4 bread rations
 f - 3 royal jellies
 k - 3 meat rations
 l - 3 fruits
 q - 6 chunks of flesh


   Skills:
 + Level 7.6 Fighting
 * Level 9.0 Polearms
 - Level 2.1 Dodging
 - Level 1.1 Stealth


You had 7 spell levels left.
You didn't know any spells.

Dungeon Overview and Level Annotations

Branches:
Dungeon (6/15)             Temple (1/1) D:4

Altars:
Cheibriados
Dithmenos
Elyvilon
Fedhas
Gozag
Hepliaklqana
Kikubaaqudgha
Nemelex Xobeh
Qazlal
Ru
Sif Muna
Trog
Uskayaw
Vehumet
Xom
Yredelemnul
Zin
The Shining One

Shops:
D:4 :   D:8 %


Innate Abilities, Weirdness & Mutations

You have hooves in place of feet.
Armour fits poorly on your strangely shaped body.
You cover ground very quickly.
You have extremely tough skin. (AC +3)


Message History

Attack whom?
Press: ? - help, Dir - move target cursor, f/p - sky beast
Aim: a sky beast (moderately wounded)
You miss the sky beast.
The sky beast is moderately wounded.
The sky beast hits you. The sky beast shocks you.
Attack whom?
Press: ? - help, Dir - move target cursor, f/p - sky beast
Aim: a sky beast (moderately wounded)
You closely miss the sky beast.
The sky beast is moderately wounded.
The orc warrior hits you with a war axe!!
* * * LOW HITPOINT WARNING * * *
The sky beast barely misses you.
You puncture the orc warrior! You freeze the orc warrior.
Your kick misses the orc warrior.
The orc warrior is heavily wounded.
The orc warrior hits you with a war axe!!
You die...
Your body rises from the dead as a mindless zombie.

#### ####### #... #.....# #...
################.....# #...
####.........##...#.....###...
.............##...#...........
.....(.....#Yo#...####'#######
.≈≈........##@#...####.#######
W..≈..o..?(##.................
≈..≈..≈Z...≈##.....###.#.#####
."≈..≈..≈..≈≈#.....# #.#.#
..≈.⌠≈..≈..≈≈#.....# #.#.#####
.≈..≈⌠.≈...≈≈#.....# #.#.##...
.≈..≈..≈..;≈≈#.....# #.#.##...
..≈≈..≈..≈≈≈##.....# #.#.#..≈≈
......≈..≈.##......# #.#.#..≈≈


You could see an orc warrior and a sky beast.

Vanquished Creatures
  The ghost of Gorglomux the Basher, a novice GrFi of Okawaru (D:6)
  Grinder (D:5)
  Menkaure (D:4)
  An orc warrior (D:6)
  An ice beast (D:5)
  A phantom (D:5)
  The ghost of Shinoi the Digger, an amateur OpEE (D:3)
  2 gnoll sergeants
  A crimson imp (D:5)
  A jelly (D:4)
  A bullfrog zombie (D:6)
  An orc priest (D:6)
  Ijyb (D:5)
  A centaur skeleton (D:6)
  A bullfrog skeleton (D:8)
  A gnoll shaman (D:5)
  2 worker ants
  2 iguanas (D:5)
  15 gnolls
  8 adders
  2 oozes
  2 adder skeletons (D:4)
  A worm (D:3)
  A dart slug (D:1)
  5 leopard geckos
  4 orcs
  2 ball pythons
  9 bats
  4 giant cockroaches
  7 goblins
  6 hobgoblins
  5 jackals
  A quokka (D:4)
  6 frilled lizards
  7 kobolds
  A leopard gecko zombie (D:6)
  2 quokka skeletons
  8 rats
117 creatures vanquished.

Notes
Turn   | Place    | Note
-------+----------+-------------------------------------------
     0 | D:1      | anfisbena the Centaur Monk began the quest for the Orb.
     0 | D:1      | Reached XP level 1. HP: 19/19 MP: 1/1
   215 | D:1      | Reached XP level 2. HP: 19/26 MP: 2/2
   229 | D:1      | Reached skill level 3 in Polearms
   806 | D:1      | Reached XP level 3. HP: 31/31 MP: 3/3
  1411 | D:2      | Reached XP level 4. HP: 36/40 MP: 4/4
  1472 | D:2      | You fall through a shaft!
  1509 | D:3      | Noticed Shinoi's ghost (amateur OpEE)
  1518 | D:3      | Killed Shinoi's ghost
  1518 | D:3      | Reached skill level 4 in Polearms
  1518 | D:3      | Reached XP level 5. HP: 47/47 MP: 5/5
  2916 | D:4      | Reached skill level 5 in Fighting
  2938 | D:4      | Found Kuni's Book Shoppe.
  3263 | D:4      | Found a staircase to the Ecumenical Temple.
  3296 | Temple   | Entered the Ecumenical Temple
  3560 | D:4      | Found a hazy altar of Hepliaklqana.
  3685 | D:4      | Reached XP level 6. HP: 39/56 MP: 6/6
  4509 | D:4      | Reached skill level 5 in Polearms
  4744 | D:4      | Found a basalt altar of Yredelemnul.
  4791 | D:4      | Became a worshipper of Yredelemnul the Dark
  4791 | D:4      | Reached * piety under Yredelemnul
  4791 | D:4      | Reached ** piety under Yredelemnul
  5108 | D:4      | Noticed Menkaure
  5112 | D:4      | Killed Menkaure
  5112 | D:4      | Reached XP level 7. HP: 20/62 MP: 7/7
  5221 | D:5      | Entered Level 5 of the Dungeon
  5221 | D:5      | Noticed Grinder
  5239 | D:5      | Killed Grinder
  5239 | D:5      | Reached skill level 6 in Polearms
  5418 | D:5      | Reached skill level 7 in Polearms
  5542 | D:5      | Reached XP level 8. HP: 51/71 MP: 8/8
  5628 | D:5      | Noticed Ijyb
  5645 | D:5      | Killed Ijyb
  6071 | D:6      | Noticed Gorglomux's ghost (novice GrFi)
  6119 | D:6      | Killed Gorglomux's ghost
  6119 | D:6      | Reached skill level 8 in Polearms
  6253 | D:6      | You fall through a shaft for 2 floors!
  6263 | D:8      | Found Jikhomy's Food Shoppe.
  6329 | D:8      | Reached skill level 9 in Polearms
  6524 | D:8      | Slain by an orc warrior

Skill      XL: |  1  2  3  4  5  6  7  8 |
---------------+-------------------------+-----
Polearms       | 3 4 5 7 9 |  9.0
Fighting       | 4 5 6 7 |  7.6
Dodging        | |  2.1
Stealth        | |  1.1

Action                   |  1- 3 |  4- 6 |  7- 9 || total
-------------------------+-------+-------+-------++-------
Melee: Spear             |   171 |    79 |       ||   250
       Kick              |    31 |    32 |    24 ||    87
       Halberd           |       |   120 |       ||   120
       Trident           |       |    17 |   163 ||   180
       Unarmed           |       |       |    40 ||    40
  Use: Potion            |       |     5 |     3 ||     8
       Scroll            |       |     2 |     3 ||     5
 Stab: Invisible         |       |     1 |       ||     1
  Eat: Chunk             |     1 |     9 |     4 ||    14
       Fruit             |       |     2 |       ||     2
Armor: Robe              |    47 |    54 |    13 ||   114
       Skin              |       |       |    31 ||    31
Dodge: Dodged            |    80 |   109 |    75 ||   264
